 Dungeon Sprint DCSS version 0.29-a0-1016-g236c7fd91e (webtiles) character file.

Game seed: 9374723542917560203

0 Hubris850 the Shooter (level 1, -8/18 HPs)
             Began as a Minotaur Hunter on Aug 9, 2022.
             Mangled by Sigmund
             ... wielding a +1 scythe of flaming
              (11 damage)
             ... in the Dungeon (Sprint VI: "Thunderdome").
             The game lasted 00:00:53 (37 turns).

Hubris850 the Shooter (Minotaur Hunter)               Turns: 37, Time: 00:00:54

Health: -8/18      AC:  3    Str: 15    XL:     1   Next: 8%
Magic:  0/0        EV: 12    Int:  6    God:
Gold:   80         SH:  0    Dex: 13    Spells: 0/0 levels left

rFire   . . .      SeeInvis .   b - +0 broad axe
rCold   . . .      Faith    .   (no shield)
rNeg    . . .      Spirit   .   c - +0 leather armour
rPois   .          Reflect  .   (helmet restricted)
rElec   .          Harm     .   (no cloak)
rCorr   .          Rampage  .   (no gloves)
Will    .....      NoTele   +   (no boots)
Stlth   +.........              (no amulet)
HPRegen 0.06/turn               (no ring)
MPRegen 0.07/turn               (no ring)

@: no status effects
A: horns 2, retaliatory headbutt
a: no special abilities


You were in the Dungeon.
You visited 1 branch You collected 200 gold pieces.
You spent 120 gold pieces at shops.

Inventory:

Hand Weapons
 a - a +0 shortbow
 b - a +0 broad axe (weapon)
Armour
 c - a +0 leather armour (worn)
Wands
 j - a wand of iceblast (5)
 k - a wand of quicksilver (5)
Scrolls
 i - 4 scrolls of blinking
 l - 3 scrolls of butterflies
 n - a scroll of immolation
Potions
 d - a potion of curing
 e - 4 potions of heal wounds
 f - 4 potions of haste
 g - 2 potions of magic
 h - a potion of berserk rage
 m - a potion of resistance


   Skills:
 - Level 2.4 Fighting
 + Level 1.1 Axes
 + Level 4.6 Ranged Weapons
 - Level 2.1 Dodging
 - Level 0.7 Stealth


You couldn't memorise any spells.
You didn't know any spells.
Your spell library was empty.

Dungeon Overview and Level Annotations

Branches:
Dungeon (1/1)

Altars:
Cheibriados
Dithmenos
Fedhas
Gozag
Kikubaaqudgha
Qazlal
Sif Muna
Trog
Uskayaw
Vehumet
Wu Jian
Xom
Yredelemnul
Zin

Shops:
D *[?**[(

Annotations:
D Sigmund


Innate Abilities, Weirdness & Mutations

You have a pair of horns on your head.
You reflexively headbutt those who attack you in melee.


Message History

n - a +0 broad axe Adjust to which letter? (? for menu, Esc to quit)
b - a +0 broad axe;
n - a scroll of immolation You shoot an arrow.
The arrow barely misses the kobold.
The kobold throws a stone.
The stone hits you but does no damage.
You shoot an arrow. The arrow hits the kobold.
The kobold is severely wounded.
You shoot an arrow. The arrow closely misses the kobold.
You shoot an arrow. The arrow hits the kobold!
You kill the kobold!
Your Axes skill increases to level 1!
Things that are here:
a +0 whip; 2 stones
Found a stormy altar of Qazlal.
Found an ancient bone altar of Kikubaaqudgha.
Found a snail-covered altar of Cheibriados.
Found Wueduu's Identification Station.
Found three altars.
Found Jedweuvo's Advanced Armour and Rynaf's Jewellery.
Found an ornate altar of the Wu Jian Council.
Sigmund the Dreaded comes into view.
He is wielding a +1 scythe of flaming.
Sigmund shouts!
You shoot an arrow. The arrow hits Sigmund!
Sigmund is moderately wounded.
You shoot an arrow. The arrow hits Sigmund.
Sigmund is heavily wounded.
You shoot an arrow. The arrow barely misses Sigmund.
Sigmund gestures wildly while chanting.
Sigmund flickers and vanishes!
Deactivating autopickup; reactivate with Ctrl-A.
b - a +0 broad axe (weapon)
You hear some strange, mumbled words.
Something tries to affect you, but you resist.
Something hits you!
Ouch! That really hurt!
Something burns you.
* * * LOW HITPOINT WARNING * * *
Found a hide-covered altar of Uskayaw.
You slash something! Something hits you!
Ouch! That really hurt!
You die...

_..... ...... _......
###....... .###
#§...........⌠#
######.8.........8.#
##.___.{....# ......
#∩.....@..8.# .8.. ...
............###.. ....
.........###...# .....
.........# #.<.# .....
.........###...###.....
............###........
#∩........8.# #.8......
##∩___......###......__
######.8.........8.###


There were no monsters in sight!

Vanquished Creatures
  A kobold (D)
1 creature vanquished.

Notes
Turn   | Place    | Note
-------+----------+-------------------------------------------
     0 | D        | Hubris850 the Minotaur Hunter began the quest for the Orb.
     0 | D        | Reached XP level 1. HP: 18/18 MP: 0/0
     1 | D        | Found a basalt altar of Yredelemnul.
     1 | D        | Found a bloodstained altar of Trog.
     2 | D        | Found a shimmering altar of Xom.
     3 | D        | Found a blossoming altar of Fedhas.
     3 | D        | Found an opulent altar of Gozag.
     4 | D        | Found a radiant altar of Vehumet.
     4 | D        | Found Xesashost's Weapon Rack.
     4 | D        | Found Askosuw's Premium Goods.
     5 | D        | Found Zezooduv's Basic Armour.
     5 | D        | Found Lashrous's Miscellaneous Merchandise.
     5 | D        | Round 1.
    12 | D        | Bought a +0 broad axe for 120 gold pieces
    16 | D        | Reached skill level 1 in Axes
    23 | D        | Found a stormy altar of Qazlal.
    24 | D        | Found an ancient bone altar of Kikubaaqudgha.
    25 | D        | Found a snail-covered altar of Cheibriados.
    26 | D        | Found Wueduu's Identification Station.
    26 | D        | Found a shadowy altar of Dithmenos.
    26 | D        | Found a shimmering blue altar of Sif Muna.
    26 | D        | Found a glowing silver altar of Zin.
    27 | D        | Found Jedweuvo's Advanced Armour.
    27 | D        | Found Rynaf's Jewellery.
    30 | D        | Found an ornate altar of the Wu Jian Council.
    30 | D        | Noticed Sigmund
    36 | D        | Found a hide-covered altar of Uskayaw.
    37 | D        | Mangled by Sigmund

Illustrated notes

Levels and vault maps discovered:
D:        arena_sprint

Skill      XL: |  1 |
---------------+----+-----
Axes           | 1 |  1.1
Fighting       | |  2.4
Ranged Weapons | |  4.6
Dodging        | |  2.1
Stealth        | |  0.7

Action                   || total
-------------------------++-------
Melee: Broad axe         ||     1
 Fire: Shortbow          ||     7
Armor: Leather armour    ||     1

Table legend: (Time is in decaauts)
 A = Elapsed time spent in this place.
 B = Non-inter-level travel time spent in this place.
 C = Inter-level travel time spent in this place.
 D = Time resting spent in this place.
 E = Time spent auto-exploring this place.
 F = Levels seen in this place.
 G = Mean time per level.
                   A        B        C        D        E       F      G
               +--------+--------+--------+--------+--------+-----+--------+
         Total |     38 |     38 |      0 |      0 |      0 |   1 |   38.0 |
       Dungeon |     38 |     38 |      0 |      0 |      0 |   1 |   38.0 |
               +--------+--------+--------+--------+--------+-----+--------+

Top non-repeatable levels by time:
       D: 38 daAuts
